Map: Kairos Junction LE

Players

cast - Winner!

  • Race: Terran Terran
  • League: Master
  • Spawn Location: 11:00

Mez

  • Race: Terran Terran
  • League: Master
  • Spawn Location: 5:00

VOD

Have the link to the VOD?

Description

Time

  • Played on: Aug. 10, 2019, 10:37 a.m.
  • Length: 6:27
Show
View Real Time Build Order
Export as new Build Order

cast Terran - Winner!

Build Orders:  

Get SALT Encoding   

  12  0:00  SCV  
  13  0:12  SCV  
  14  0:17  Supply Depot  
  14  0:25  SCV  
  14  0:28  Refinery  
  15  0:39  SCV  
  16  0:45  Barracks  
  16  0:51  SCV  
  17  0:58  Refinery  
  17  1:03  SCV  
  18  1:15  SCV  
  19  1:32  Orbital Command  
  19  1:33  Reaper  
  20  1:50  Supply Depot  
  20  1:52  Factory  
  20  1:57  SCV  
  21  2:05  Reaper  
  22  2:09  SCV  
  22  2:13  Supply Depot  
  23  2:21  SCV  
  25  2:37  Hellion, Starport  
  25  2:40  Reaper  
  25  2:42  SCV  
  29  2:58  Hellion  
  29  3:02  SCV  
  30  3:14  SCV  
  30  3:15  Starport Tech Lab  
  30  3:17  Barracks Reactor  
  30  3:18  Fusion Core  
  33  3:20  Hellion  
  33  3:24  Supply Depot  
  33  3:26  SCV  
  34  3:38  SCV  
  35  3:44  Command Center  
  31  3:58  Marine  
  31  4:05  Battlecruiser  
  31  4:09  Supply Depot  
  37  4:14  SCV  
  38  4:18  Marine, Factory Tech Lab  
  39  4:26  SCV  
  39  4:34  Weapon Refit  
  37  4:38  SCV  
  37  4:44  Siege Tank  
  37  4:45  Marine x2  
  43  5:00  Command Center  
  43  5:04  Marine x2  
  44  5:22  Marine x2  
  41  5:39  Marine x2  
  39  5:43  Siege Tank  
  39  5:47  SCV  
  43  5:56  Orbital Command  
  43  5:57  Marine x2  
  43  5:59  SCV  
Show
View Real Time Build Order
Export as new Build Order

Mez Terran 

Build Orders:  

Get SALT Encoding   

  12  0:00  SCV  
  13  0:13  SCV  
  14  0:17  Supply Depot  
  14  0:25  SCV  
  15  0:39  SCV  
  15  0:41  Barracks  
  16  0:44  Refinery  
  16  0:51  SCV  
  16  0:54  Refinery  
  17  1:03  SCV  
  18  1:15  SCV  
  19  1:29  Reaper, Orbital Command  
  20  1:45  Factory  
  20  1:52  Supply Depot  
  20  1:55  SCV  
  21  2:01  Reaper  
  22  2:09  SCV  
  23  2:24  SCV  
  23  2:28  Command Center  
  24  2:37  Barracks Reactor, Factory Tech Lab  
  24  2:40  Starport  
  24  2:43  SCV  
  25  2:56  SCV  
  25  3:05  Supply Depot  
  25  3:10  Cyclone  
  27  3:13  SCV  
  27  3:14  Marine x2  
  27  3:17  Starport Tech Lab  
  30  3:25  SCV  
  31  3:27  Refinery  
  31  3:34  Marine x2  
  32  3:41  SCV  
  32  3:44  Siege Tank  
  34  4:00  Orbital Command  
  34  4:05  SCV  
  34  4:06  Marine x2  
  34  4:07  Raven  
  39  4:17  SCV  
  40  4:29  SCV  
  41  4:32  SCV  
  41  4:34  Siege Tank  
  41  4:35  Marine  
  41  4:36  Marine  
  47  4:41  SCV  
  47  4:42  Supply Depot  
  47  4:44  SCV  
  49  4:53  SCV, Command Center  
  49  4:56  Raven, SCV  
  53  5:02  Marine  
  53  5:04  Marine  
  53  5:05  SCV  
  56  5:08  SCV  
  57  5:17  SCV  
  57  5:20  SCV  
  57  5:21  Cyclone  
  55  5:29  SCV  
  55  5:32  SCV  
  53  5:41  Engineering Bay  
  42  5:52  SCV  
  42  5:55  Viking  
Tags
 
Add a new tag
Caveats
  • Supply blocks, unpowered buildings, or Contaminate may cause inaccurate times.
  • Supply counts are checked every 10 seconds.